 Dungeon Crawl Stone Soup version 0.31.0-9-g3a7656b989 (webtiles) character file.

Game seed: 17563654802298136335

178 Peloso the Covered (level 5, -1/47 HPs)
             Began as a Minotaur Fighter on Feb 6, 2024.
             Slain by Sigmund
             ... wielding a +3 scythe of flaming
              (4 damage)
             ... on level 2 of the Dungeon.
             The game lasted 00:02:53 (1550 turns).

Peloso the Covered (Minotaur Fighter)               Turns: 1550, Time: 00:02:53

Health: -1/47      AC:  7    Str: 20    XL:     5   Next: 32%
Magic:  4/4        EV:  9    Int:  5    God:
Gold:   142        SH:  5    Dex: 12    Spells: 4/4 levels left

rFire   . . .        a - +0 long sword
rCold   . . .        c - +0 buckler
rNeg    . . .        b - +0 scale mail
rPois   .            (helmet restricted)
rElec   .            (no cloak)
rCorr   .            (no gloves)
SInv    .            (no boots)
Will    .....        (no amulet) Stlth
                     (no ring)
HPRegen 0.27/turn    (no ring)
MPRegen 0.09/turn

%: no passive effects
@: no status effects
A: horns 2, retaliatory headbutt
a: no special abilities


You were on level 2 of the Dungeon.
You visited 1 branch of the dungeon, and saw 2 of its levels.

You collected 142 gold pieces.

Inventory:

Hand Weapons
 a - a +0 long sword (weapon)
Armour
 b - a +0 scale mail (worn)
 c - a +0 buckler (worn)
Jewellery
 j - a +4 ring of protection
 l - an amulet of magic regeneration
Scrolls
 e - a scroll of amnesia {unknown}
 f - 7 scrolls of identify {unknown}
 g - 2 scrolls of teleportation {unknown}
 h - 2 scrolls of poison {unknown}
 i - 2 scrolls of vulnerability {unknown}
 k - a scroll of noise {unknown}
Potions
 d - a potion of might


   Skills:
 + Level 4.5 Fighting
 + Level 4.5 Long Blades
 + Level 4.8 Armour
 + Level 1.2 Dodging
 + Level 4.2 Shields


You had 4 spell levels left.
You didn't know any spells.
Your spell library contained the following spells:

 Spells                   Type           Power      Damage    Failure   Level
 Call Canine Familiar     Summ           0%         N/A       99%         3
 Sigil of Binding         Hex            0%         N/A       99%         3
 Dimensional Bullseye     Hex/Tloc       0%         N/A       100%        4


Dungeon Overview and Level Annotations

Branches:
Dungeon (2/15)

Altars:
Elyvilon
Hepliaklqana
Kikubaaqudgha
Makhleb
Qazlal
Ru

Shops:
D:1 !

Annotations:
D:2 Sigmund


Innate Abilities, Weirdness & Mutations

You have a pair of horns on your head.
You reflexively headbutt those who attack you in melee.


Message History

You completely miss the endoplasm. The endoplasm freezes you.
You are frozen.
You hit the endoplasm.
The endoplasm is almost dead.
Something hits you. Something burns you. You block the endoplasm's attack.
You hit the endoplasm.
You kill the endoplasm!
A magic dart appears from out of thin air!
The magic dart hits you but does no damage.
Something hits you! Something burns you.
You miss something. Something hits you. Something burns you.
Something hits you but does no damage.
Unknown command.
A puff of flame appears from out of thin air!
The puff of flame misses you.
You aren't carrying any items that you can evoke.
Something hits you but does no damage.
You miss something. Your headbutt misses something. Something hits you.
Something burns you.
You hit something. Something hits you but does no damage.
You slash something! Your headbutt misses something.
You hear some strange, mumbled words.
Something tries to affect you, but you resist.
You hit something. You headbutt something. Something hits you!
* * * LOW HITPOINT WARNING * * *
Something burns you.
* * * LOW HITPOINT WARNING * * *
You miss something. Something hits you!
* * * LOW HITPOINT WARNING * * *
Something burns you.
* * * LOW HITPOINT WARNING * * *
You barely miss something. Your headbutt misses something. You miss something.
Something hits you but does no damage.
You barely miss something. Your headbutt misses something.
Sigmund appears from thin air!
Reactivating autopickup.
Sigmund hits you with a +3 scythe of flaming.
You die...
Sigmund begins carving another notch in his scythe.

.........#.# #..#
#####.#..#.# #..#
#####.#..#.# #..#
....<.#..#.# #..#
.##......[.#.####..#
.[+..>..<..#......{#
.##........#######.#
.##........#.#####.#
..#.......).....@@.#
.............#######
.#...........###.#
.#...)....#......#
.........)#.####.#
.##.......#.# #.#
........<.#.####.#
''###...###.....(#
..####..# ########


You could see Sigmund.

Vanquished Creatures
  3 jellies (D:2)
  An adder (D:2)
  4 dart slugs
  A ribbon worm (D:2)
  5 ball pythons
  13 endoplasms
  A giant cockroach (D:1)
  6 hobgoblins
  2 jackals (D:1)
  6 bats
  2 frilled lizards
  3 goblins
  13 kobolds
  3 rats
63 creatures vanquished.

Notes
Turn   | Place    | Note
-------+----------+-------------------------------------------
     0 | D:1      | Peloso the Minotaur Fighter began the quest for the Orb.
     0 | D:1      | Reached XP level 1. HP: 19/19 MP: 0/0
    61 | D:1      | Reached XP level 2. HP: 25/27 MP: 1/1
   524 | D:1      | Reached XP level 3. HP: 32/33 MP: 2/2
   644 | D:1      | Found Jush's Distillery.
  1147 | D:2      | Reached XP level 4. HP: 39/40 MP: 3/3
  1190 | D:2      | Found a stormy altar of Qazlal.
  1190 | D:2      | Found a burning altar of Makhleb.
  1190 | D:2      | Found a sacrificial altar of Ru.
  1190 | D:2      | Found an ancient bone altar of Kikubaaqudgha.
  1190 | D:2      | Found a hazy altar of Hepliaklqana.
  1190 | D:2      | Found a white marble altar of Elyvilon.
  1209 | D:2      | Reached skill level 1 in Dodging
  1209 | D:2      | Reached XP level 5. HP: 15/47 MP: 4/4
  1528 | D:2      | Noticed Sigmund
  1547 | D:2      | HP: 2/47 [something (1)]
  1550 | D:2      | Slain by Sigmund

Illustrated notes

Levels and vault maps discovered:
D:1:      roderic_dead_forest, layout_basic, serial_shops, shop
D:2:      cheibrodos_fertilizer, layout_basic, chequers_big_river,
          minmay_strange_pillars, uniq_sigmund

Skill      XL: |  1  2  3  4 |
---------------+-------------+-----
Armour         | 4 |  4.8
Fighting       | 4 |  4.5
Long Blades    | 3 4 |  4.5
Shields        | 4 |  4.2
Dodging        | 1 |  1.2

Action                     |  1- 3 |  4- 6 || total
---------------------------+-------+-------++-------
  Melee: Long sword        |   115 |    45 ||   160
         Headbutt          |    19 |     7 ||    26
    Use: Potion            |     2 |       ||     2
 Armour: Scale mail        |    86 |    27 ||   113
  Dodge: Dodged            |    56 |     5 ||    61
  Block: Buckler           |    31 |    10 ||    41
